 Dungeon Crawl Stone Soup version 0.31.0-4-g52a2dc7128 (webtiles) character file.

Game seed: 2718557008525992258

2244 dialectric the Poker (level 9, -10/42 (47) HPs)
             Began as a Vine Stalker Fighter on Jan 21, 2024.
             Was a Follower of Trog.
             Killed from afar by an orc sorcerer (28 damage)
             ... with a bolt of negative energy
             ... in a bailey.
             The game lasted 00:08:37 (5155 turns).

dialectric the Poker (Vine Stalker Fighter)         Turns: 5155, Time: 00:08:38

HP:   -10/42 (47)   AC: 17    Str: 23    XL:     9   Next: 37%
MP:   0/10          EV:  8    Int:  8    God:    Trog [*.....]
Gold: 387           SH:  0    Dex: 14    Spells: 8/8 levels left

rFire   . . .        a - +0 trident
rCold   + . .        (no shield)
rNeg    . . .        k - +0 plate armour
rPois   .            D - +2 helmet {SInv}
rElec   .            (no cloak)
rCorr   .            t - +0 pair of gloves
SInv    +            (no boots)
Will    +....        (no amulet) Stlth
                     j - ring of protection from cold
HPRegen 1.07/turn    m - ring of see invisible
MPRegen 0.12/turn

%: guardian spirit
@: heavily drained
A: fangs 3, regeneration 1, magic shield, antimagic bite, no potion heal 2
a: Renounce Religion, Berserk


You were in a bailey.
You worshipped Trog.
Trog was aware of your devotion.
You visited 1 branch of the dungeon, and saw 7 of its levels.
You also visited: Bailey.

You collected 387 gold pieces.

Inventory:

Hand Weapons
 a - a +0 trident (weapon)
 A - a +2 dagger of venom
 C - a +0 lajatang
Missiles
 h - 11 poisoned darts (quivered)
Armour
 b - a +0 scale mail
 c - a +0 buckler
 k - a +0 plate armour (worn)
 t - a +0 pair of gloves (worn)
 D - a +2 helmet of see invisible (worn)
Jewellery
 j - a ring of protection from cold (left hand)
 m - a ring of see invisible (right hand)
 E - a +6 ring of intelligence
Talismans
 p - a beast talisman
Wands
 l - a wand of charming (21)
 n - a wand of flame (15)
Scrolls
 e - a scroll of silence {unknown}
 g - 2 scrolls of identify
 i - a scroll of poison {unknown}
 o - a scroll of blinking {unknown}
 q - a scroll of amnesia {unknown}
 r - 2 scrolls of revelation {unknown}
 v - a scroll of immolation
 w - a scroll of fog {unknown}
 y - a scroll of teleportation {unknown}
 z - a scroll of noise
 B - a scroll of enchant armour {unknown}
Potions
 d - a potion of might
 f - a potion of berserk rage {unknown}
 s - a potion of attraction
 u - a potion of lignification {unknown}
 x - 3 potions of heal wounds
 F - a potion of cancellation {unknown}
 G - 2 potions of invisibility {unknown}


   Skills:
 - Level 5.0 Fighting
 + Level 7.1 Polearms
 + Level 1.5 Throwing
 + Level 5.5 Armour
 - Level 4.1 Dodging
 - Level 0.6 Stealth
 - Level 2.6 Shields
 + Level 1.1 Evocations


You had 8 spell levels left.
You didn't know any spells.
Your spell library contained the following spells:

 Spells                   Type           Power      Damage    Failure   Level
 Sting                    Conj/Alch      0%         1d3       100%        1
 Mercury Vapours          Alch/Air       0%         N/A       100%        2
 Olgreb's Toxic Radiance  Alch           0%         N/A       100%        4


Dungeon Overview and Level Annotations

Branches:
Dungeon (7/15)             Bailey (1/1)
 Temple: D:4-7

Altars:
Fedhas
Makhleb
Nemelex Xobeh
Okawaru
Trog
Wu Jian

Annotations:
D:7 Maurice, Prince Ribbit


Innate Abilities, Weirdness & Mutations

You have razor-sharp teeth.
Your natural rate of healing is unusually fast.
When hurt, damage is shared between your health and your magic reserves.
Your bite disrupts and absorbs the magic of your enemies.
Potions cannot restore your health.


Message History

The orc warrior is almost dead.
The orc warrior hits you with a +0 broad axe!
You puncture the orc warrior!
You kill the orc warrior!
Trog accepts your kill.
Things that are here:
a +0 broad axe; a +0 ring mail
Found a fuming puce potion.
There is a gate leading back out of this place here.
h - 11 poisoned darts (gained 2)
Things that are here:
a +0 broad axe; a +0 ring mail
There is an open door here.
An electric eel comes into view.
The electric eel shoots out a bolt of lightning at you!
The bolt of electricity hits you!
There is an open door here.
Things that are here:
a +0 war axe; a +0 scale mail
Things that are here:
a +0 broad axe; a +0 ring mail You open the door.
An orc sorcerer, a gnoll and an orc high priest come into view.
The orc sorcerer shouts!
The orc high priest shouts!
The orc high priest mumbles some strange prayers to Beogh against you.
You resist with significant effort. The orc sorcerer casts a spell at you.
The bolt of negative energy hits you!!
You feel drained.
Found an iron altar of Okawaru.
You close the door.
A gnoll opens the door.
The orc high priest invokes the aid of Beogh against you.
Beogh smites you!
The orc sorcerer points at you and mumbles some strange words.
The bolt of negative energy hits the gnoll!!!
The gnoll is drained!
The gnoll dies!
The bolt of negative energy hits you!!
You feel drained.
Ouch! That really hurt!
You die...

#.......#.....).)..#≈≈≈≈≈#
#.8.8.8.).....#....#≈≈≈≈≈#
####...##############.#≈≈≈≈≈#
#......# +..#.~≈≈≈≈≈#
#[[)...#. #..#.~≈≈≈≈≈#
#''#####.. #..#.~≈≈≈≈≈#
#[))..##... #########.~≈≈≈≈≈#
).))..##....#..8.8..#)~≈≈≈≈≈#
)..⌠..##.._o')..@....∩~≈≈≈≈≈#
'.....##...o#..8.8..#.~≈≈≈≈≈#
#.....##... #########.~≈≈≈≈≈#
#++#####.. #.~≈≈≈≈≈# # #.
#.~≈≈≈≈≈# # # !#.~≈≈≈≈≈# #
##.#≈≈≈≈≈# ..#≈≈≈≈≈#


You could see an orc high priest and an orc sorcerer.

Vanquished Creatures
  An orc knight (Bailey)
  A troll (D:6)
  Sigmund (D:5)
  A steam dragon (D:7)
  5 orc warriors (Bailey)
  3 black bears
  An ogre (D:7)
  2 hounds
  3 iguanas
  A sleepcap (D:4)
  2 orc wizards
  Robin (D:2)
  A gnoll (Bailey)
  7 adders
  A shadow imp (D:6)
  A white imp (D:5)
  3 ribbon worms
  4 dart slugs
  14 orcs
  6 endoplasms
  3 giant cockroaches
  17 goblins
  8 hobgoblins
  6 kobolds
  4 quokkas
  4 ball pythons
  2 bats
  2 frilled lizards
  A rat (D:1)
106 creatures vanquished.

Vanquished Creatures (collateral kills)
  An orc priest (D:7)
  An orc (D:7)
2 creatures vanquished.

Vanquished Creatures (others)
  A gnoll (Bailey)
1 creature vanquished.

Grand Total: 109 creatures vanquished

Notes
Turn   | Place    | Note
-------+----------+-------------------------------------------
     0 | D:1      | dialectric the Vine Stalker Fighter began the quest for the
                  | Orb.
     0 | D:1      | Reached XP level 1. HP: 11/11 MP: 2/2
   222 | D:1      | Reached XP level 2. HP: 16/16 MP: 3/3
   867 | D:2      | Reached skill level 1 in Dodging
   878 | D:2      | Reached skill level 2 in Polearms
   878 | D:2      | Reached XP level 3. HP: 19/19 MP: 4/4
  1423 | D:2      | Noticed Robin
  1469 | D:2      | Killed Robin
  1544 | D:2      | Reached XP level 4. HP: 19/24 MP: 3/5
  1605 | D:3      | Found a faded altar of an unknown god.
  1750 | D:3      | Found a bloodstained altar of Trog.
  1848 | D:3      | Became a worshipper of Trog the Wrathful
  1923 | D:3      | Reached XP level 5. HP: 25/28 MP: 4/6
  2186 | D:4      | Noticed a black bear
  2191 | D:4      | Killed a black bear
  2192 | D:4      | Reached skill level 3 in Polearms
  2259 | D:4      | Reached XP level 6. HP: 32/32 MP: 7/7
  2381 | D:4      | Identified the +0 robe of Tartarus {rPois Will- Int+4
                  | Stlth+}
  2985 | D:5      | Entered Level 5 of the Dungeon
  2985 | D:5      | Noticed Sigmund
  2997 | D:5      | Killed Sigmund
  2998 | D:5      | Reached skill level 4 in Polearms
  2998 | D:5      | Reached XP level 7. HP: 37/37 MP: 6/8
  3126 | D:5      | Reached * piety under Trog
  3205 | D:5      | Found a blossoming altar of Fedhas.
  3331 | D:5      | Found an iron altar of Okawaru.
  4036 | D:6      | Noticed a troll
  4047 | D:6      | Killed a troll
  4048 | D:6      | Reached skill level 5 in Polearms
  4048 | D:6      | Gained mutation: You have razor-sharp teeth. [Vine Stalker
                  | growth]
  4048 | D:6      | Reached XP level 8. HP: 21/42 MP: 2/9
  4575 | D:7      | Found a burning altar of Makhleb.
  4610 | D:7      | Found a sparkling altar of Nemelex Xobeh.
  4621 | D:7      | Found an ornate altar of the Wu Jian Council.
  4679 | D:7      | Noticed Prince Ribbit
  4714 | D:7      | Found a flagged portal.
  4757 | D:7      | Noticed Maurice
  4757 | D:7      | Noticed a troll
  4765 | Bailey   | Entered a bailey
  4827 | Bailey   | Reached skill level 5 in Fighting
  4872 | Bailey   | Reached skill level 6 in Polearms
  4932 | Bailey   | Reached skill level 1 in Throwing
  4934 | Bailey   | Reached XP level 9. HP: 14/47 MP: 4/10
  5000 | Bailey   | Noticed an orc knight
  5011 | Bailey   | Killed an orc knight
  5012 | Bailey   | Reached skill level 7 in Polearms
  5012 | Bailey   | Reached skill level 5 in Armour
  5012 | Bailey   | Reached skill level 1 in Evocations
  5151 | Bailey   | Found an iron altar of Okawaru.
  5151 | Bailey   | Noticed an orc sorcerer
  5151 | Bailey   | Noticed an orc high priest
  5155 | Bailey   | Killed from afar by an orc sorcerer

Illustrated notes

Levels and vault maps discovered:
D:1:      dpeg_arrival_central, layout_basic
D:2:      layout_loops_ring, uniq_robin
D:3:      layout_rooms, trog_book, dreamdust_ecumenical_altar_sealed_demon
D:4:      wander_river, layout_loops_ring, minmay_misc_feat_iff,
          dk_noncrumbling_3, minmay_misc_feat_x
D:5:      layout_basic, mainiacjoe_overflow_paths, mainiacjoe_overflow_alcove_2,
          minmay_temple_entry_statues_pillars, uniq_sigmund
D:6:      layout_loops_corners, nicolae_ru_path_of_blood, centaur_isle
D:7:      layout_basic, minitemple, mainiacjoe_overflow_small_starburst,
          enter_bailey_5, corner_web_ring, uniq_maurice, uniq_prince_ribbit1
Bailey:   bailey_axe_of_yendor_kennysheep, bailey

Skill      XL: |  1  2  3  4  5  6  7  8  9 |
---------------+----------------------------+-----
Dodging        | 1 2 3 4 |  4.1
Polearms       | 2 3 4 5 6 7 |  7.1
Fighting       | 3 4 5 |  5.0
Armour         | 3 4 5 |  5.5
Throwing       | 1 |  1.5
Evocations     | 1 |  1.1
Stealth        | |  0.6
Shields        | |  2.6

Action                     |  1- 3 |  4- 6 |  7- 9 || total
---------------------------+-------+-------+-------++-------
  Melee: Trident           |    73 |   118 |   184 ||   375
         Bite              |    14 |    27 |    44 ||    85
         Punch             |     1 |     2 |     2 ||     5
  Throw: Dart              |       |     2 |    10 ||    12
 Invoke: Berserk           |       |       |     6 ||     6
  Evoke: Wand              |       |     3 |     3 ||     6
    Use: Potion            |       |     2 |     1 ||     3
         Scroll            |       |     3 |     2 ||     5
 Armour: Scale mail        |    45 |    78 |   116 ||   239
         Plate armour      |       |       |    48 ||    48
  Dodge: Dodged            |    36 |    57 |   127 ||   220
